[Event "AUT 2nd BL Mitte 2021-22"]
[Site "Austria"]
[Date "2022.03.27"]
[Round "9.24"]
[White "Wiesinger, Robert"]
[Black "Eibinger, Manuel"]
[Result "1/2-1/2"]
[ECO "B48"]
[WhiteElo "2200"]
[BlackElo "2024"]
[Annotator "ChessBase"]
[PlyCount "133"]
[EventDate "2021.10.21"]
[EventType "team-tourn"]
[EventCountry "AUT"]
[SourceTitle "playchess.com"]
[Source "ChessBase"]
[SourceQuality "1"]
[TimeControl "40/5400+30:1800+30"]

1. e4 c5 2. Nf3 e6 3. d4 cxd4 4. Nxd4 Nc6 5. Nc3 Qc7 6. Be3 a6 7. Qd2 Nf6 8. O-O-O Be7 9. f3 b5 10. Nxc6 dxc6 11. Qf2 O-O 12. g4 c5 13. Kb1 Bb7 14. g5 Nh5 15. Bh3 Rad8 16. Bg4 Nf4 17. h4 e5 18. Ne2 Nxe2 19. Qxe2 Rxd1+ 20. Rxd1 Rd8 21. Kc1 Rxd1+ 22. Qxd1 Qd6 23. c4 Qxd1+ 24. Kxd1 b4 25. a3 bxa3 26. bxa3 Bd6 27. Bd2 Bc7 28. Ke2 Kf8 29. Bf5 g6 30. Bg4 Ke7 31. Be3 Bd6 32. Bf2 Kd8 33. Bg3 Ke7 34. Ke3 f6 35. Be1 Bc7 36. Bc3 fxg5 37. hxg5 Kd6 38. Kf2 Bd8 39. Bd2 Be7 40. Kg3 Bd8 41. Bh3 Be7 42. Bg2 Ke6 43. f4 exf4+ 44. Bxf4 Bd8 45. Bh3+ Ke7 46. Kf3 Ba5 47. Ke3 Bc3 48. Kd3 Bb2 49. a4 Bc6 50. a5 Bb7 51. Bg4 Ba3 52. Be5 Bb4 53. Bf6+ Ke8 54. e5 Bxa5 55. Be6 Bd8 56. Bd5 Bc8 57. e6 Be7 58. Ke4 a5 59. Ke5 a4 60. Bc6+ Kf8 61. Bxa4 Bb7 62. Bc2 Bc8 63. Be4 Ba6 64. Bd5 Bc8 65. Bc6 Ba6 66. Bd5 Bc8 67. Bc6 1/2-1/2

[Event "AUT 2nd BL Mitte 2021-22"]
[Site "Austria"]
[Date "2022.03.27"]
[Round "9.28"]
[White "Milanovic, Danilo"]
[Black "Rodshtein, Maxim"]
[Result "1/2-1/2"]
[ECO "E48"]
[WhiteElo "2406"]
[BlackElo "2591"]
[Annotator "ChessBase"]
[PlyCount "102"]
[EventDate "2021.10.21"]
[EventType "team-tourn"]
[EventCountry "AUT"]
[SourceTitle "playchess.com"]
[Source "ChessBase"]
[SourceQuality "1"]
[TimeControl "40/5400+30:1800+30"]

1. d4 Nf6 2. c4 e6 3. Nc3 Bb4 4. e3 O-O 5. Bd3 d5 6. cxd5 exd5 7. Nge2 Re8 8. O-O Bd6 9. f3 c5 10. Qe1 b6 11. Qf2 Ba6 12. Bxa6 Nxa6 13. a3 Nc7 14. Bd2 Ne6 15. Rad1 Qe7 16. g4 Rad8 17. h4 Qb7 18. g5 Nh5 19. f4 cxd4 20. exd4 g6 21. Qg2 Bb8 22. f5 Neg7 23. f6 Ne6 24. Qf3 b5 25. Rf2 a6 26. Be3 a5 27. b4 axb4 28. axb4 Qc6 29. Bc1 Qc4 30. Qd3 Qxb4 31. Qxb5 Qxb5 32. Nxb5 Ng3 33. Nxg3 Bxg3 34. Rg2 Bb8 35. Nc3 Nxd4 36. Rg4 Ne2+ 37. Nxe2 Rxe2 38. Kf1 Re5 39. Bb2 Rf5+ 40. Kg2 Re8 41. Rd2 h6 42. Rf2 Ba7 43. Rxf5 gxf5 44. Ra4 Be3 45. gxh6 Bxh6 46. Rb4 Re4 47. Rb8+ Kh7 48. h5 Bg5 49. Kf2 d4 50. Rf8 Rf4+ 51. Kg3 Rg4+ 1/2-1/2

[Event "AUT 2nd BL Mitte 2021-22"]
[Site "Austria"]
[Date "2022.03.27"]
[Round "9.29"]
[White "Balogh, Csaba"]
[Black "Schieder, Josef"]
[Result "1-0"]
[ECO "B12"]
[WhiteElo "2574"]
[BlackElo "1976"]
[Annotator "ChessBase"]
[PlyCount "45"]
[EventDate "2021.10.21"]
[EventType "team-tourn"]
[EventCountry "AUT"]
[SourceTitle "playchess.com"]
[Source "ChessBase"]
[SourceQuality "1"]
[TimeControl "40/5400+30:1800+30"]

1. e4 c6 2. d4 d5 3. e5 c5 4. dxc5 Nc6 5. Nf3 Bg4 6. c3 Bxf3 7. Qxf3 Nxe5 8. Bb5+ Nc6 9. O-O e6 10. b4 a6 11. Ba4 Nge7 12. Nd2 g6 13. Qf6 Rg8 14. Qf3 Bg7 15. Nb3 Kf8 16. Bf4 e5 17. Bg5 e4 18. Qe3 Qc8 19. f3 Nf5 20. Qd2 Ne5 21. fxe4 dxe4 22. Rxf5 gxf5 23. Qd6# 1-0

[Event "AUT 2nd BL Mitte 2021-22"]
[Site "Austria"]
[Date "2022.03.27"]
[Round "9.30"]
[White "Steiner, Peter"]
[Black "Czebe, Attila"]
[Result "0-1"]
[ECO "B23"]
[WhiteElo "1933"]
[BlackElo "2358"]
[Annotator "ChessBase"]
[PlyCount "68"]
[EventDate "2021.10.21"]
[EventType "team-tourn"]
[EventCountry "AUT"]
[SourceTitle "playchess.com"]
[Source "ChessBase"]
[SourceQuality "1"]
[TimeControl "40/5400+30:1800+30"]

1. e4 c5 2. Nc3 a6 3. g3 b5 4. Bg2 Bb7 5. Nge2 g6 6. O-O Bg7 7. Nd5 e6 8. Ne3 Ne7 9. c3 d6 10. d4 Nd7 11. d5 exd5 12. Nxd5 Nxd5 13. exd5 O-O 14. Bf4 Nb6 15. Qd2 Nc4 16. Qc2 Bc8 17. Rad1 Bf5 18. Qc1 Qd7 19. b3 Rfe8 20. Rfe1 Ne5 21. Bxe5 Rxe5 22. f4 Re7 23. Kf2 Bg4 24. Bf3 Bxf3 25. Kxf3 Qb7 26. c4 bxc4 27. bxc4 Qb4 28. Rd3 Rae8 29. Rb3 Qa4 30. Nc3 Rxe1 31. Qxe1 Qd7 32. Qd2 Qh3 33. Nd1 Qf1+ 34. Nf2 Bd4 0-1

[Event "AUT 2nd BL Mitte 2021-22"]
[Site "Austria"]
[Date "2022.03.27"]
[Round "9.31"]
[White "Csonka, Balazs"]
[Black "Schmidt, Peter"]
[Result "1-0"]
[ECO "B09"]
[WhiteElo "2474"]
[BlackElo "2402"]
[Annotator "ChessBase"]
[PlyCount "47"]
[EventDate "2021.10.21"]
[EventType "team-tourn"]
[EventCountry "AUT"]
[SourceTitle "playchess.com"]
[Source "ChessBase"]
[SourceQuality "1"]
[TimeControl "40/5400+30:1800+30"]

1. e4 d6 2. d4 Nf6 3. Nc3 g6 4. f4 Bg7 5. Nf3 O-O 6. e5 dxe5 7. fxe5 Nd5 8. Bc4 Nxc3 9. bxc3 c5 10. O-O Bg4 11. Qd3 Nc6 12. Ng5 e6 13. Qg3 Bf5 14. Rxf5 exf5 15. e6 cxd4 16. exf7+ Kh8 17. Nxh7 dxc3 18. Be3 Bd4 19. Nxf8 Bxe3+ 20. Qxe3 Qxf8 21. Re1 Rd8 22. Qxc3+ Kh7 23. Re3 Qc5 24. f8=N+ 1-0

[Event "AUT 2nd BL Mitte 2021-22"]
[Site "Austria"]
[Date "2022.03.27"]
[Round "9.32"]
[White "Testor, Sebastian"]
[Black "Gajek, Radoslaw"]
[Result "1/2-1/2"]
[ECO "A41"]
[WhiteElo "2323"]
[BlackElo "2454"]
[Annotator "ChessBase"]
[PlyCount "140"]
[EventDate "2021.10.21"]
[EventType "team-tourn"]
[EventCountry "AUT"]
[SourceTitle "playchess.com"]
[Source "ChessBase"]
[SourceQuality "1"]
[TimeControl "40/5400+30:1800+30"]

1. d4 d6 2. Nf3 Bg4 3. e3 Nd7 4. Be2 Ngf6 5. b3 e5 6. dxe5 dxe5 7. Bb2 Bb4+ 8. Nfd2 Bxe2 9. Qxe2 c6 10. a3 Be7 11. Nc3 Qc7 12. h4 O-O-O 13. h5 Nc5 14. O-O-O Ne6 15. Kb1 Rhe8 16. Qf3 Ng5 17. Qf5+ Nd7 18. Nf3 g6 19. hxg6 hxg6 20. Qg4 f5 21. Qg3 Nxf3 22. gxf3 Nf8 23. e4 f4 24. Qg4+ Kb8 25. Ne2 Bc5 26. Qg5 Rxd1+ 27. Rxd1 Bxf2 28. Bxe5 Qxe5 29. Qxe5+ Rxe5 30. Rd8+ Kc7 31. Rxf8 g5 32. Rg8 Be3 33. c3 Kd6 34. Kc2 Ke7 35. Kd3 Kf7 36. Rh8 Ra5 37. a4 b5 38. axb5 cxb5 39. Nd4 Ra1 40. e5 Bxd4 41. Kxd4 Re1 42. c4 bxc4 43. bxc4 a5 44. c5 Rd1+ 45. Ke4 Rc1 46. Kd5 Rd1+ 47. Ke4 Rc1 48. Rc8 Ke6 49. c6 Re1+ 50. Kd4 Rd1+ 51. Kc5 Rc1+ 52. Kb6 Rb1+ 53. Ka6 Rc1 54. Kb6 Rb1+ 55. Kxa5 Ra1+ 56. Kb6 Rb1+ 57. Kc5 Rc1+ 58. Kd4 Rd1+ 59. Ke4 Re1+ 60. Kd4 Rd1+ 61. Ke4 Re1+ 62. Kd3 Kd5 63. c7 Re3+ 64. Kd2 Kc6 65. Rg8 Kxc7 66. Rxg5 Rxf3 67. Ke2 Re3+ 68. Kf2 Kd7 69. Rf5 Ke6 70. Rxf4 Rxe5 1/2-1/2

[Event "AUT 2nd BL Mitte 2021-22"]
[Site "Austria"]
[Date "2022.03.27"]
[Round "9.33"]
[White "Kristoferitsch, Daniel"]
[Black "Renner, Christoph"]
[Result "1-0"]
[ECO "C49"]
[WhiteElo "2253"]
[BlackElo "2301"]
[Annotator "ChessBase"]
[PlyCount "171"]
[EventDate "2021.10.21"]
[EventType "team-tourn"]
[EventCountry "AUT"]
[SourceTitle "playchess.com"]
[Source "ChessBase"]
[SourceQuality "1"]
[TimeControl "40/5400+30:1800+30"]

1. e4 e5 2. Nf3 Nc6 3. Nc3 Nf6 4. Bb5 Bb4 5. O-O O-O 6. Bxc6 dxc6 7. d3 Nd7 8. Ne2 Bd6 9. Ng3 Nc5 10. c3 Re8 11. Re1 Bg4 12. h3 Bxf3 13. Qxf3 Bf8 14. Rd1 g6 15. d4 exd4 16. cxd4 Ne6 17. Be3 Bg7 18. d5 cxd5 19. exd5 Ng5 20. Qg4 Re5 21. Qc4 h6 22. Bf4 Re7 23. h4 Nh7 24. h5 g5 25. Be3 Qd7 26. Rd3 Nf6 27. Rad1 Ne8 28. Bc5 Nd6 29. Bxd6 cxd6 30. Rf3 Re5 31. Qd3 Rae8 32. Nf5 Qa4 33. b3 Qb4 34. g3 Bf8 35. Kg2 Qg4 36. Ne3 Qxh5 37. Rh1 Qg6 38. Qxg6+ fxg6 39. Ng4 Bg7 40. Nxe5 Rxe5 41. Rd3 Re2 42. a4 Rc2 43. Rhd1 Bc3 44. Re3 Kf7 45. Rdd3 Be5 46. Re4 Rc7 47. f4 gxf4 48. gxf4 Bf6 49. Re6 Rd7 50. Kf3 h5 51. Rde3 Rd8 52. Re2 Rd7 53. Rc2 Bd8 54. Rc8 Kg7 55. Ke4 Bf6 56. Ra8 a6 57. Rc8 Kf7 58. Kf3 Kg7 59. Rc4 Kf7 60. Rc2 Kg7 61. Ke4 Kf7 62. Rh2 h4 63. Rc2 Kg7 64. Kf3 Kf7 65. Kg4 Kg7 66. Rf2 Kf7 67. f5 g5 68. Rc2 Kg7 69. Rc8 Kf7 70. b4 Kg7 71. b5 axb5 72. axb5 Kf7 73. b6 Bd8 74. Re2 Bxb6 75. Kxg5 Bd8+ 76. Kg4 Kf6 77. Re8 Be7 78. Rh8 Kg7 79. Rcg8+ Kf7 80. Rg6 Rc7 81. Rh7+ Kf8 82. Rh8+ Kf7 83. Rh7+ Kf8 84. f6 Bd8 85. Rh8+ Kf7 86. Kf5 1-0

[Event "AUT 2nd BL Mitte 2021-22"]
[Site "Austria"]
[Date "2022.03.27"]
[Round "9.34"]
[White "Hellmayr, Alois"]
[Black "Kravanja, Georg"]
[Result "1/2-1/2"]
[ECO "A05"]
[WhiteElo "2197"]
[BlackElo "2200"]
[Annotator "ChessBase"]
[PlyCount "53"]
[EventDate "2021.10.21"]
[EventType "team-tourn"]
[EventCountry "AUT"]
[SourceTitle "playchess.com"]
[Source "ChessBase"]
[SourceQuality "1"]
[TimeControl "40/5400+30:1800+30"]

1. Nf3 Nf6 2. g3 g6 3. Bg2 Bg7 4. O-O O-O 5. d4 d5 6. c3 c6 7. a4 Nbd7 8. Nbd2 Qc7 9. Re1 e5 10. dxe5 Nxe5 11. Nxe5 Qxe5 12. e4 Qc7 13. exd5 Nxd5 14. Nc4 Be6 15. Ne3 Rad8 16. Nxd5 Bxd5 17. Bxd5 Rxd5 18. Qc2 Qd7 19. Be3 b6 20. Rad1 Rd8 21. Rxd5 Qxd5 22. Re2 Qd1+ 23. Kg2 Qd5+ 24. Kg1 Qd1+ 25. Kg2 Qd5+ 26. Kg1 Qd1+ 27. Kg2 1/2-1/2

[Event "AUT 2nd BL Mitte 2021-22"]
[Site "Austria"]
[Date "2022.03.27"]
[Round "9.35"]
[White "Eder, Matthias"]
[Black "Hiermann, Dietmar"]
[Result "1-0"]
[ECO "C78"]
[WhiteElo "2233"]
[BlackElo "2198"]
[Annotator "ChessBase"]
[PlyCount "181"]
[EventDate "2021.10.21"]
[EventType "team-tourn"]
[EventCountry "AUT"]
[SourceTitle "playchess.com"]
[Source "ChessBase"]
[SourceQuality "1"]
[TimeControl "40/5400+30:1800+30"]

1. e4 e5 2. Nf3 Nc6 3. Bb5 a6 4. Ba4 Nf6 5. O-O b5 6. Bb3 Be7 7. d3 d6 8. c3 Na5 9. Bc2 c5 10. d4 Qc7 11. d5 O-O 12. b3 Nb7 13. a4 Bd7 14. h3 h6 15. Be3 Nh7 16. Nbd2 Rfb8 17. Qe2 Nf8 18. Ra2 Ng6 19. Rfa1 bxa4 20. bxa4 Na5 21. Qf1 Nf4 22. Kh2 Rb6 23. Ng1 Rab8 24. g3 Ng6 25. Rc1 Bg5 26. f4 exf4 27. gxf4 Bf6 28. Ne2 Rb2 29. Raa1 Re8 30. Rab1 Reb8 31. Ra1 Ne7 32. Qg2 Re8 33. Bg1 Kf8 34. Rab1 Reb8 35. Qf1 Nc8 36. Qd1 Rxb1 37. Rxb1 Rxb1 38. Qxb1 Nb6 39. e5 dxe5 40. d6 Qb7 41. Bxc5 Nc8 42. Qb4 Qxb4 43. cxb4 Nb7 44. Ne4 Ke8 45. a5 exf4 46. Nxf6+ gxf6 47. Bd3 Ncxd6 48. Bxa6 Nxc5 49. bxc5 Ne4 50. Bb7 f3 51. Ng3 Nxc5 52. a6 Nxa6 53. Bxa6 Kf8 54. h4 Kg7 55. Bd3 Ba4 56. Nh5+ Kf8 57. Kg3 Bd1 58. Kf2 Ke7 59. Ng7 Kf8 60. Nf5 h5 61. Ng3 Kg7 62. Nxh5+ Kh6 63. Ng3 Kg7 64. Nf5+ Kg8 65. Ne3 Ba4 66. Kxf3 Kg7 67. Kf4 Kh6 68. Be2 Bd7 69. Bg4 Ba4 70. Ke4 Kg6 71. Kf4 Kh7 72. Bh5 Bb3 73. Nf5 Be6 74. Nd6 Kg7 75. Ne8+ Kh6 76. Nxf6 Kg7 77. Kg5 Bb3 78. Bg4 Ba2 79. h5 Bb3 80. Bf5 Bc4 81. Ne8+ Kf8 82. Kf6 Kg8 83. Nd6 Bb3 84. Bd3 Ba4 85. Bc4 Kh7 86. Kg5 f6+ 87. Kxf6 Kh6 88. Be2 Bd7 89. Nf7+ Kh7 90. Bd3+ Kg8 91. h6 1-0

[Event "AUT 2nd BL Mitte 2021-22"]
[Site "Austria"]
[Date "2022.03.27"]
[Round "9.36"]
[White "Taggatz, Mario"]
[Black "Teuschler, Barbara"]
[Result "0-1"]
[ECO "D02"]
[WhiteElo "2198"]
[BlackElo "2107"]
[Annotator "NA"]
[PlyCount "56"]
[EventDate "2021.10.21"]
[EventType "team-tourn"]
[EventCountry "AUT"]
[SourceTitle "playchess.com"]
[Source "ChessBase"]
[SourceQuality "1"]
[TimeControl "40/5400+30:1800+30"]

1. d4 d5 2. Nf3 Nf6 3. Bf4 c5 4. e3 Qb6 5. Nc3 a6 6. Rb1 cxd4 7. exd4 Bg4 8. Be2 e6 9. O-O Nc6 10. Ne5 Bxe2 11. Nxe2 Be7 12. c3 O-O 13. Qb3 Qa7 14. Ng3 Rfc8 15. Rbe1 $11 b5 16. Qd1 b4 17. Re3 bxc3 18. bxc3 Nxe5 19. Bxe5 Nd7 20. Nh5 Nxe5 21. dxe5 Rc4 22. Rg3 g6 23. Qd2 Qc7 24. Re1 Qd8 25. Rb1 Rac8 26. Rb7 R8c7 27. Rxc7 Qxc7 28. Re3 gxh5 0-1